Map: Honorgrounds LE

Players

CatZ - Winner!

  • Race: Zerg Zerg
  • Spawn Location: 5:00

NonY

  • Race: Protoss Protoss
  • Spawn Location: 11:00

Event: WCS Austin 2017

VOD

Have the link to the VOD?

Description

Time

  • Played on: April 28, 2017, 1:59 p.m.
  • Length: 11:09

All games in this series

Show
View Real Time Build Order
Export as new Build Order

CatZ Zerg - Winner!

Build Orders: Hatch First, Roach Nydus 

Get SALT Encoding   

  12  0:00  Drone  
  13  0:13  Overlord  
  13  0:17  Drone  
  14  0:33  Drone x2  
  16  0:35  Drone  
  17  0:54  Hatchery  
  16  0:58  Drone  
  17  1:08  Drone  
  17  1:09  Extractor  
  17  1:18  Spawning Pool  
  17  1:20  Drone  
  17  1:24  Drone  
  18  1:29  Drone  
  19  1:39  Drone  
  20  1:54  Overlord  
  20  2:05  Queen  
  20  2:07  Drone x2, Queen  
  26  2:13  Metabolic Boost  
  26  2:21  Drone x2  
  28  2:24  Drone  
  28  2:28  Drone  
  30  2:33  Drone  
  31  2:39  Drone  
  31  2:43  Queen  
  33  2:45  Drone  
  33  2:50  Drone  
  35  2:55  Drone  
  36  3:03  Overlord  
  36  3:12  Spore Crawler  
  35  3:14  Zergling x2  
  36  3:25  Zergling x2  
  36  3:26  Zergling x2  
  38  3:27  Drone x3, Extractor  
  38  3:28  Drone x2  
  43  3:35  Overlord  
  43  3:42  Spore Crawler  
  43  3:43  Overlord  
  43  3:45  Drone  
  43  3:49  Hatchery  
  43  3:52  Drone x2  
  43  3:53  Overlord  
  44  3:56  Drone  
  44  3:57  Roach Warren  
  44  4:01  Drone  
  46  4:04  Overlord, Baneling Nest  
  46  4:05  Drone  
  46  4:13  Overlord  
  46  4:20  Extractor  
  46  4:22  Zergling x8  
  46  4:30  Drone  
  47  4:37  Drone, Spine Crawler  
  47  4:38  Roach x3  
  53  4:39  Lair  
  53  4:49  Roach x2  
  57  4:54  Drone  
  57  4:57  Evolution Chamber, Extractor  
  56  5:00  Roach  
  56  5:06  Drone x3  
  61  5:07  Overlord  
  59  5:14  Drone x3  
  59  5:15  Drone  
  63  5:25  Zerg Missile Weapons Level 1  
  63  5:26  Queen x2  
  67  5:29  Drone x2  
  67  5:33  Roach x3  
  75  5:36  Glial Reconstitution  
  75  5:39  Overlord  
  75  5:46  Overlord  
  75  5:52  Overlord  
  75  5:57  Nydus Network  
  75  5:59  Zergling x2  
  75  6:00  Zergling x12  
  75  6:02  Zergling x2  
  75  6:03  Drone  
  83  6:08  Drone, Spine Crawler  
  83  6:13  Roach  
  83  6:15  Roach x3  
  89  6:19  Roach  
  89  6:20  Roach  
  89  6:22  Pneumatized Carapace  
  93  6:28  Ravager  
  93  6:30  Zergling x2  
  93  6:31  Zergling x6  
  98  6:35  Nydus Canal  
  97  6:42  Roach x2  
  97  6:44  Zergling x2  
  97  6:45  Zergling x8  
  106  6:47  Zergling x2  
  106  6:48  Zergling x2  
  106  6:49  Zergling x2  
  107  7:06  Zergling x2  
  94  7:16  Zergling x4  
  94  7:18  Overlord  
  94  7:20  Overlord  
  91  7:24  Zergling x6  
  91  7:25  Zergling x2  
  91  7:27  Zergling x2  
  91  7:28  Zergling x6  
  83  7:31  Zergling x4  
  83  7:35  Roach x2  
  83  7:36  Roach x2  
  86  7:48  Zergling x2, Overlord  
  86  7:50  Drone x2  
  86  7:51  Zerg Missile Weapons Level 2, Drone  
  87  7:52  Drone  
  87  7:53  Drone x2  
  87  7:55  Zergling x4  
  87  7:56  Zergling x4  
  90  8:03  Drone x2  
  90  8:04  Nydus Canal  
  91  8:06  Roach x4  
  99  8:14  Roach x2  
  103  8:24  Nydus Canal  
  102  8:38  Baneling x2  
  102  8:39  Baneling  
  102  8:40  Baneling  
  89  8:51  Drone, Overlord  
  89  8:52  Drone  
  89  8:53  Drone x2  
  81  8:56  Zergling x2  
  81  8:59  Zergling x2  
  81  9:00  Zergling x2, Overlord  
  81  9:01  Overlord x2  
  81  9:02  Roach x10  
  95  9:05  Drone x2  
  92  9:13  Nydus Canal  
  92  9:15  Roach x2  
  96  9:32  Roach x2  
  96  9:33  Roach x5  
  96  9:35  Zergling x2  
  96  9:36  Zergling x2  
  111  9:38  Nydus Canal  
  111  9:40  Zergling x2  
  111  9:41  Zergling x4  
  111  9:42  Zergling x2  
  111  9:43  Zergling x2  
  116  9:51  Roach x2  
  116  9:52  Roach x2  
  122  9:53  Roach x2  
  122  9:59  Roach  
  102  10:07  Roach x3  
  102  10:09  Drone  
  107  10:19  Drone  
  106  10:21  Roach x2  
  106  10:25  Roach  
  106  10:27  Roach  
  97  10:40  Roach  
  97  10:41  Roach x2  
  101  10:46  Roach  
  101  10:49  Roach  
Show
View Real Time Build Order
Export as new Build Order

NonY Protoss 

Build Orders: 1 Gate Expand 

Get SALT Encoding   

  12  0:00  Probe (Chrono Boost)  
  13  0:11  Probe (Chrono Boost)  
  14  0:17  Pylon  
  14  0:22  Probe (Chrono Boost)  
  15  0:29  Assimilator  
  15  0:36  Probe (Chrono Boost)  
  16  0:45  Gateway  
  16  0:46  Probe (Chrono Boost)  
  18  0:57  Probe (Chrono Boost)  
  18  1:07  Probe (Chrono Boost)  
  19  1:21  Nexus  
  19  1:23  Probe (Chrono Boost)  
  20  1:35  Cybernetics Core  
  20  1:37  Probe (Chrono Boost)  
  21  1:43  Pylon  
  21  1:47  Probe (Chrono Boost)  
  21  1:51  Assimilator  
  22  1:58  Probe (Chrono Boost)  
  23  2:08  Adept  
  24  2:09  Probe (Chrono Boost)  
  26  2:20  Stargate  
  26  2:22  Probe (Chrono Boost)  
  27  2:27  Warp Gate  
  27  2:33  Probe (Chrono Boost)  
  28  2:38  Adept  
  28  2:41  Probe (Chrono Boost)  
  28  2:43  Probe (Chrono Boost)  
  32  2:54  Robotics Facility  
  32  2:55  Probe x2 (Chrono Boost)  
  34  3:05  Sentry  
  36  3:09  Probe x2 (Chrono Boost)  
  38  3:19  Probe x2 (Chrono Boost)  
  40  3:28  Pylon  
  40  3:30  Probe x2 (Chrono Boost)  
  40  3:31  Sentry  
  44  3:39  Warp Prism  
  44  3:46  Gateway  
  44  3:48  Gateway  
  44  3:49  Gateway  
  44  3:51  Gateway  
  44  3:57  Gateway  
  44  4:02  Probe (Chrono Boost)  
  46  4:03  Probe (Chrono Boost)  
  46  4:22  Observer  
  46  4:28  Nexus  
  46  4:29  Probe (Chrono Boost)  
  46  4:30  Probe (Chrono Boost)  
  49  4:34  Twilight Council  
  49  4:37  Pylon  
  49  4:39  Probe (Chrono Boost)  
  49  4:41  Pylon  
  49  4:42  Probe (Chrono Boost)  
  51  4:50  Probe (Chrono Boost)  
  51  4:51  Adept  
  54  4:55  Pylon  
  54  4:56  Probe (Chrono Boost)  
  55  5:00  Sentry  
  55  5:01  Sentry x2, Adept  
  55  5:02  Adept  
  55  5:03  Resonating Glaives  
  55  5:05  Probe (Chrono Boost)  
  66  5:07  Probe (Chrono Boost)  
  67  5:15  Probe (Chrono Boost)  
  67  5:19  Probe (Chrono Boost)  
  69  5:26  Probe (Chrono Boost)  
  69  5:28  Pylon  
  70  5:31  Assimilator  
  70  5:33  Mothership Core (Chrono Boost)  
  70  5:35  Adept x2  
  74  5:36  Probe (Chrono Boost)  
  77  5:43  Adept  
  77  5:44  Adept  
  77  5:47  Probe (Chrono Boost)  
  77  5:49  Gateway  
  82  5:50  Gateway  
  82  5:53  Probe x2 (Chrono Boost)  
  84  5:57  Probe (Chrono Boost)  
  84  6:01  Gateway  
  84  6:03  Probe (Chrono Boost)  
  87  6:04  Gateway  
  87  6:05  Probe (Chrono Boost), Gateway  
  87  6:10  Gateway  
  87  6:12  Pylon  
  87  6:16  Adept x2  
  91  6:24  Adept  
  91  6:25  Adept x3  
  99  6:40  Pylon  
  99  6:43  Adept x2  
  99  6:44  Pylon  
  103  6:47  Stalker x3  
  109  6:54  Pylon  
  109  6:59  Pylon  
  104  7:01  Pylon  
  94  7:13  Stalker x6  
  101  7:18  Probe x2 (Chrono Boost)  
  101  7:19  Probe (Chrono Boost)  
  72  7:43  Adept x6  
  80  8:03  Probe x2 (Chrono Boost)  
  80  8:05  Probe (Chrono Boost)  
  83  8:17  Probe (Chrono Boost)  
  84  8:28  Zealot x2  
  84  8:34  Adept x7  
  96  8:50  Zealot x3  
  77  9:12  Adept x4  
  78  9:52  Stalker x3  
  76  10:12  Adept x2  
  76  10:13  Adept  
Tags
 
Add a new tag
Caveats
  • Supply blocks, unpowered buildings, or Contaminate may cause inaccurate times.
  • Supply counts are checked every 10 seconds.